 Dungeon Crawl Stone Soup version 0.21.0-25-ge575cb9ce8 (webtiles) character file.

70 kradidark the Conjurer (level 4, -3/33 HPs)
             Began as a Draconian Conjurer on Jan 24, 2018.
             Was an Initiate of Sif Muna.
             Slain by an orc wizard
             ... wielding a +0 dagger
              (5 damage)
             ... on level 3 of the Dungeon.
             The game lasted 00:22:43 (1383 turns).

kradidark the Conjurer (Draconian Conjurer)         Turns: 1383, Time: 00:22:43

Health: -3/33      AC:  5    Str: 11    XL:     4   Next: 4%
Magic:  2/7        EV: 12    Int: 16    God:    Sif Muna [......]
Gold:   68         SH:  0    Dex: 11    Spells: 4/7 levels left

rFire    + . .     SeeInvis .   i - +2 dagger (freeze)
rCold    + . .     Gourm    .   (no shield)
rNeg     . . .     Faith    .   (armour unavailable)
rPois    +         Spirit   .   (helmet restricted)
rElec    +         Reflect  .   (no cloak)
rCorr    +         Harm     .   (no gloves)
MR       .....                  (no boots)
Stlth    +.........             (no amulet)
HPRegen  0.11/turn              (no ring)
MPRegen  0.10/turn              (no ring)

@: confused, resistant
A: unfitting armour, cold-blooded, AC +5
a: Renounce Religion


You were on level 3 of the Dungeon.
You worshipped Sif Muna.
Sif Muna was noncommittal.
You were very hungry.

You visited 1 branch of the dungeon, and saw 3 of its levels.

You collected 68 gold pieces.

Inventory:

Hand Weapons
 c - a +0 short sword
 d - a +0 whip
 i - a +2 dagger of freezing (weapon)
Missiles
 g - 96 arrows
Wands
 n - a wand of clouds (3)
Scrolls
 f - a scroll of identify {unknown}
 j - a scroll of remove curse {unknown}
Potions
 e - a potion of curing {unknown}
 h - a potion of brilliance {unknown}
 k - a potion of flight {unknown}
 l - a potion of resistance
 m - a potion of invisibility {unknown}
 o - a potion of cancellation {unknown}
Books
 a - a book of Conjurations

   Spells                             Type                      Level
   a - Magic Dart                     Conjuration                  1
   b - Searing Ray                    Conjuration                  2
   c - Dazzling Spray                 Conjuration/Hexes            3
   d - Fulminant Prism                Conjuration/Hexes            4
   e - Force Lance                    Conjuration/Translocation    4
   f - Iskenderun's Mystic Blast      Conjuration                  4
Comestibles
 b - 3 rations


   Skills:
 + Level 2.2 Dodging
 + Level 2.0 Stealth
 - Level 0.2 Unarmed Combat
 + Level 2.4 Spellcasting
 + Level 5.0 Conjurations


You had 4 spell levels left.
You knew the following spells:

 Your Spells              Type           Power        Failure   Level  Hunger
a - Magic Dart            Conj           ###.         2%          1    #......
b - Searing Ray           Conj           ###...       3%          2    ###....


Dungeon Overview and Level Annotations

Branches:
Dungeon (3/15)

Altars:
Dithmenos
Fedhas
Sif Muna
Wu Jian


Innate Abilities, Weirdness & Mutations

Your plain brown scales are hard. (AC +5)
You cannot fit into any form of body armour.
You are cold-blooded and may be slowed by cold attacks.


Message History

Something hits you.
* * * LOW HITPOINT WARNING * * *
You hear some strange, mumbled words.
A puff of flame appears from out of thin air!
The puff of flame hits you!
* * * LOW HITPOINT WARNING * * *
It was a potion of resistance.
You feel protected.
You hear some strange, mumbled words.
You are confused.
You bump into the rock wall.
You hear some strange, mumbled words.
A puff of flame appears from out of thin air!
The puff of flame hits you! You resist.
* * * LOW HITPOINT WARNING * * *
You bump into the rock wall.
An orc wizard appears from thin air!
Reactivating autopickup.
You're too confused to cast spells.
You bump into the rock wall.
The orc wizard hits you with a dagger.
You die...

####### #.....#
##### #.....##
#...###### ##......
#.#.o.oo.# ##......#
#...####o###.......
##.###...@.......#
##.###.#.##....#<##
##.#)##.#.##.#.#.<.#
#(###o#.#.()).(.(..#
##.#.##.####.#.#...#
##.o##......#+#####
##{########.. #o# .$
#.# ...


You could see an orc wizard and 2 orcs.

Vanquished Creatures
  An adder (D:2)
  A worm (D:3)
  A dart slug (D:2)
  A leopard gecko (D:2)
  5 orcs (D:3)
  5 giant cockroaches
  9 goblins
  3 hobgoblins
  2 ball pythons
  6 bats
  2 frilled lizards
  5 kobolds (D:1)
  6 rats
47 creatures vanquished.

Notes
Turn   | Place    | Note
-------+----------+-------------------------------------------
     0 | D:1      | kradidark the Draconian Conjurer began the quest for the Orb.
     0 | D:1      | Reached XP level 1. HP: 14/14 MP: 3/3
   185 | D:1      | Reached XP level 2. HP: 20/20 MP: 0/5
   312 | D:1      | Learned a level 2 spell: Searing Ray
   764 | D:2      | Reached XP level 3. HP: 26/26 MP: 1/6
  1013 | D:2      | Found an ornate altar of the Wu Jian Council.
  1016 | D:2      | Found a shadowy altar of Dithmenos.
  1043 | D:2      | Found a deep blue altar of Sif Muna.
  1186 | D:2      | Found a blossoming altar of Fedhas.
  1263 | D:2      | Became a worshipper of Sif Muna the Loreminder
  1286 | D:3      | Reached skill level 5 in Conjurations
  1364 | D:3      | Reached XP level 4. HP: 18/33 MP: 3/7
  1383 | D:3      | Slain by an orc wizard

Skill      XL: |  1  2  3 |
---------------+----------+-----
Dodging        | 2 |  2.2
Stealth        | 2 |  2.0
Conjurations   | 5 |  5.0
Unarmed Combat | |  0.2
Spellcasting   | |  2.4

Action                   |  1- 3 |  4- 6 || total
-------------------------+-------+-------++-------
Melee: Unarmed           |    39 |       ||    39
       Tailslap          |     3 |     1 ||     4
       Dagger            |    37 |     5 ||    42
 Cast: Magic Dart        |    47 |       ||    47
       Searing Ray       |     2 |     1 ||     3
  Use: Potion            |       |     1 ||     1
 Stab: Sleeping          |     1 |       ||     1
  Eat: Chunk             |     1 |       ||     1
Armor: Skin              |    26 |     1 ||    27
Dodge: Dodged            |    51 |     1 ||    52
